[Event "Titled Tuesday Blitz June 13 Early 2023"]
[White "Tokman, Ariel"]
[Black "Bok, Benjamin"]
[WhiteFideId "117420"]
[BlackFideId "1017063"]
[WhiteElo "2263"]
[BlackElo "2657"]
[Result "0-1"]
[Round "1"]
[TimeControl "180+2"]
[Date "2023.06.13"]
[WhiteClock "0:00:00"]
[BlackClock "0:01:01"]
[Board "25"]

1. c4 e6 2. Nf3 d5 3. d4 Nf6 4. Bg5 h6 5. Bxf6 Qxf6 6. e3 c6 7. Nc3 g6 8. Bd3 Bg7 9. O-O O-O 10. Qe2 Nd7 11. Rad1 Qe7 12. e4 dxc4 13. Bxc4 b5 14. Bb3 Bb7 15. Rfe1 Rfd8 16. e5 a6 17. Ne4 c5 18. dxc5 Nxc5 19. Nd6 Nxb3 20. axb3 Bd5 21. Ne4 Bxb3 22. Ra1 Bc4 23. Qe3 Bd5 24. Qf4 Bxe4 25. Qxe4 a5 26. h4 a4 27. Rac1 Rac8 28. h5 gxh5 29. Qf4 Rxc1 30. Rxc1 b4 31. Qh2 a3 32. bxa3 bxa3 33. Qxh5 a2 34. Qg4 Qa3 35. Ra1 Qb2 0-1


[Site "https://www.chess.com"]

[Event "Titled Tuesday Blitz June 13 Early 2023"]
[White "Sjugirov, Sanan"]
[Black "Bagwe Gaurang"]
[WhiteFideId "4189302"]
[BlackFideId "45039895"]
[WhiteElo "2569"]
[BlackElo "1847"]
[Result "1-0"]
[Round "1"]
[TimeControl "180+2"]
[Date "2023.06.13"]
[WhiteClock "0:02:15"]
[BlackClock "0:01:23"]
[Board "26"]

1. e4 c5 2. Nf3 d6 3. d4 cxd4 4. Nxd4 Nf6 5. Nc3 g6 6. Be3 Bg7 7. f3 O-O 8. Qd2 Nc6 9. O-O-O d5 10. Nxc6 bxc6 11. Bh6 Qa5 12. Bxg7 Kxg7 13. h4 h5 14. e5 Nd7 15. g4 Nxe5 16. gxh5 Bf5 17. hxg6 fxg6 18. Qd4 Qc7 19. Re1 1-0


[Site "https://www.chess.com"]

[Event "Titled Tuesday Blitz June 13 Early 2023"]
[White "Kramnik, Vladimir"]
[Black "Gomes, Luiz Alexandre de Souza"]
[WhiteFideId "4101588"]
[BlackFideId "2102790"]
[WhiteElo "2703"]
[BlackElo "2503"]
[Result "1-0"]
[Round "1"]
[TimeControl "180+2"]
[Date "2023.06.13"]
[WhiteClock "0:00:33"]
[BlackClock "0:00:00"]
[Board "28"]

1. e4 c5 2. Nf3 d6 3. d4 cxd4 4. Nxd4 Nf6 5. Nc3 a6 6. Bc4 e6 7. Be3 b5 8. Bb3 Qc7 9. f3 Be7 10. g4 h6 11. Qd2 Nc6 12. O-O-O Nxd4 13. Bxd4 Bb7 14. h4 b4 15. Na4 e5 16. Bb6 Qc6 17. Qxb4 O-O 18. g5 Nh5 19. g6 Kh8 20. gxf7 Nf4 21. Be3 Rab8 22. Qc4 Qd7 23. Nc5 Qd8 24. Bxf4 exf4 25. Ne6 Qb6 26. Nxf8 Rxf8 27. Kb1 Qd8 28. Rhg1 Bf6 29. Qe6 Qe7 30. Qxe7 Bxe7 31. e5 dxe5 32. Rd7 1-0


[Site "https://www.chess.com"]

[Event "Titled Tuesday Blitz June 13 Early 2023"]
[White "Mostbauer, Florian"]
[Black "Kevlishvili, Robby"]
[WhiteFideId "1626671"]
[BlackFideId "1040634"]
[WhiteElo "2234"]
[BlackElo "2572"]
[Result "0-1"]
[Round "1"]
[TimeControl "180+2"]
[Date "2023.06.13"]
[WhiteClock "0:00:01"]
[BlackClock "0:01:01"]
[Board "29"]

1. d4 Nf6 2. c4 g6 3. e3 Bg7 4. Nf3 O-O 5. Nc3 d6 6. Bd2 Nbd7 7. Bd3 e5 8. O-O Re8 9. Qc2 b6 10. dxe5 Nxe5 11. Nxe5 Rxe5 12. Rad1 Bb7 13. Ne2 Ne4 14. f4 Nxd2 15. Qxd2 Re8 16. Nc3 Bxc3 17. Qxc3 Rxe3 18. Rde1 Qe7 19. Bxg6 Re2 20. Rxe2 Qxe2 21. Rf2 Qd1+ 22. Rf1 Qg4 23. Bxf7+ Kxf7 24. Rf2 Re8 25. h3 Qd1+ 26. Rf1 Qe2 27. Rf2 Qe1+ 28. Rf1 Qxc3 29. bxc3 Re2 30. g4 Rg2+ 31. Kh1 Rxg4+ 32. Kh2 Rg2+ 33. Kh1 Rxa2+ 34. Kg1 Rg2+ 35. Kh1 Rf2+ 36. Kg1 Rxf1+ 37. Kxf1 a5 38. h4 a4 0-1


[Site "https://www.chess.com"]

[Event "Titled Tuesday Blitz June 13 Early 2023"]
[White "Zhigalko, Sergei"]
[Black "Aarav Dengla"]
[WhiteFideId "13502956"]
[BlackFideId "45059756"]
[WhiteElo "2626"]
[BlackElo "2288"]
[Result "1-0"]
[Round "1"]
[TimeControl "180+2"]
[Date "2023.06.13"]
[WhiteClock "0:00:56"]
[BlackClock "0:00:00"]
[Board "30"]

1. e4 c5 2. Nf3 d6 3. d4 cxd4 4. Qxd4 Nc6 5. Bb5 Bd7 6. Bxc6 Bxc6 7. Nc3 Nf6 8. Bg5 e6 9. O-O-O Be7 10. Rhe1 Qa5 11. Kb1 O-O 12. Qd2 Qc5 13. Nd4 Rac8 14. f3 h6 15. Be3 Qe5 16. g4 Kh8 17. g5 hxg5 18. Bxg5 Ng8 19. f4 Bxg5 20. fxg5 Ne7 21. h4 g6 22. Nf3 Qg3 23. Qe3 f5 24. gxf6 Rxf6 25. Qh6+ Kg8 26. Ng5 Qe5 27. Rf1 d5 28. Qh7+ Kf8 29. Qh8+ Ng8 30. Rxf6+ 1-0


[Site "https://www.chess.com"]

[Event "Titled Tuesday Blitz June 13 Early 2023"]
[White "Mika, Tomasz"]
[Black "Aditya Mittal"]
[WhiteFideId "1132970"]
[BlackFideId "35042025"]
[WhiteElo "2186"]
[BlackElo "2421"]
[Result "0-1"]
[Round "1"]
[TimeControl "180+2"]
[Date "2023.06.13"]
[WhiteClock "0:00:03"]
[BlackClock "0:00:19"]
[Board "31"]

1. d4 Nf6 2. Bf4 d5 3. Nf3 c5 4. e3 Nc6 5. Nbd2 e6 6. c3 cxd4 7. exd4 Nh5 8. Be3 Bd6 9. g3 O-O 10. Bd3 f5 11. Ne5 Nf6 12. f4 Bd7 13. O-O Be8 14. a4 Ne4 15. Ndf3 Qf6 16. a5 a6 17. Qe2 Bc7 18. c4 Nxa5 19. cxd5 exd5 20. b4 Nc6 21. Qb2 Rc8 22. b5 axb5 23. Qxb5 Nxe5 24. Qxd5+ Nf7 25. Qxb7 Bc6 26. Qb3 Rfd8 27. Bc4 Nd6 28. Be6 Rb8 29. Qa2 Bxf3 30. Rxf3 Bb6 31. d5 Bxe3+ 32. Rxe3 Qd4 33. Re1 Nc4 34. d6 Nxe3 35. Bxf7+ Kh8 36. Qf2 Nc2 37. Qxd4 Nxd4 38. Rd1 Rxd6 0-1


[Site "https://www.chess.com"]

[Event "Titled Tuesday Blitz June 13 Early 2023"]
[White "Tari, Aryan"]
[Black "Ai, Evan"]
[WhiteFideId "1510045"]
[BlackFideId "2094770"]
[WhiteElo "2586"]
[BlackElo "1963"]
[Result "1-0"]
[Round "1"]
[TimeControl "180+2"]
[Date "2023.06.13"]
[WhiteClock "0:01:20"]
[BlackClock "0:01:02"]
[Board "32"]

1. e4 e5 2. Nf3 Nc6 3. Bb5 a6 4. Ba4 Nf6 5. d3 Bc5 6. O-O b5 7. Bb3 O-O 8. a4 Bb7 9. Nc3 b4 10. Nd5 d6 11. Bg5 Na5 12. Bxf6 gxf6 13. Nh4 Nxb3 14. Nf5 Kh8 15. cxb3 Bxd5 16. exd5 Qd7 17. Qh5 Rg8 18. h4 Rg6 19. g3 Rag8 20. Kh2 Rg5 21. hxg5 Rxg5 22. Qh3 Qxf5 23. Qxf5 Rxf5 24. Kg2 Rg5 25. Rac1 Kg7 26. Rc4 f5 27. f4 Rg4 28. fxe5 Rxc4 29. bxc4 dxe5 30. Rxf5 b3 31. Rxe5 Kf6 32. Re8 Bd4 33. Rb8 Bxb2 34. Rxb3 Bd4 35. Rb7 Bb6 36. d6 1-0


[Site "https://www.chess.com"]

[Event "Titled Tuesday Blitz June 13 Early 2023"]
[White "Kuzmin, Roman"]
[Black "Keymer, Vincent"]
[WhiteFideId "44134932"]
[BlackFideId "12940690"]
[WhiteElo "2122"]
[BlackElo "2669"]
[Result "1/2-1/2"]
[Round "1"]
[TimeControl "180+2"]
[Date "2023.06.13"]
[WhiteClock "0:00:06"]
[BlackClock "0:00:02"]
[Board "33"]

1. e4 c6 2. Nf3 d5 3. Nc3 dxe4 4. Nxe4 Nf6 5. Nxf6+ exf6 6. Bc4 Qe7+ 7. Qe2 Nd7 8. d4 Nb6 9. Qxe7+ Bxe7 10. Bd3 Bg4 11. Be2 O-O-O 12. Be3 Rhe8 13. O-O-O Nd5 14. h3 Bh5 15. g4 Bg6 16. Bd3 Bxd3 17. Rxd3 Nb4 18. Ra3 a6 19. Kb1 Bd6 20. c4 b5 21. Rc1 Kd7 22. Bd2 bxc4 23. Rxc4 Rb8 24. Bxb4 Rxb4 25. Rxb4 Bxb4 26. Re3 Rb8 27. Kc2 Bd6 28. Rb3 Ke6 29. Rxb8 Bxb8 30. Nh4 g6 31. Kd3 Kd5 32. Ng2 Ke6 33. Ke4 f5+ 34. gxf5+ gxf5+ 35. Kd3 f4 36. Ke4 f5+ 37. Kd3 Kd5 38. Nh4 Ke6 39. Kc4 Ba7 40. Nf3 h6 41. b4 Kd6 42. a4 Bb6 43. Ne5 h5 44. Ng6 f3 45. Nh4 Ke6 46. Nxf3 Ba7 47. Ng5+ Kf6 48. Nf3 Ke6 49. Ne5 Kd6 50. Nd3 Bb6 51. Nf4 h4 52. Ng6 Bd8 53. Ne5 Bf6 54. Nd3 Kc7 55. Nc5 a5 56. bxa5 Be7 57. Nd3 Bd6 58. Ne5 Kb7 59. Nf3 Be7 60. d5 cxd5+ 61. Kxd5 Ka6 62. Ke6 Bc5 63. Nxh4 Bxf2 64. Nxf5 Kxa5 65. Ke5 Kxa4 66. Ke4 Kb4 67. Kf3 Be1 68. Ng3 Kc5 69. h4 Kd6 70. Nf5+ Ke6 71. Kg4 Bxh4 1/2-1/2


[Site "https://www.chess.com"]

[Event "Titled Tuesday Blitz June 13 Early 2023"]
[White "Swiercz, Dariusz"]
[Black "Kubicka, Anna"]
[WhiteFideId "1126881"]
[BlackFideId "1152254"]
[WhiteElo "2620"]
[BlackElo "2144"]
[Result "1-0"]
[Round "1"]
[TimeControl "180+2"]
[Date "2023.06.13"]
[WhiteClock "0:00:22"]
[BlackClock "0:00:00"]
[Board "34"]

1. Nf3 Nf6 2. d4 g6 3. g3 Bg7 4. Bg2 O-O 5. O-O d5 6. c3 c6 7. a4 Bf5 8. a5 Bxb1 9. Rxb1 Qxa5 10. b4 Qd8 11. b5 Ne4 12. Qd3 Qa5 13. c4 Nd7 14. Ba3 Rfe8 15. Rfc1 e6 16. h4 h5 17. Ng5 Nxg5 18. hxg5 dxc4 19. Rxc4 cxb5 20. Rcc1 a6 21. Bxb7 Rad8 22. Bg2 Ne5 23. Qb3 Nc4 24. Bb4 Qb6 25. e3 Qb8 26. Qa2 Qb6 27. Bc5 Qb8 28. Rxc4 Rc8 29. Rcc1 h4 30. gxh4 1-0


[Site "https://www.chess.com"]

[Event "Titled Tuesday Blitz June 13 Early 2023"]
[White "Rengifo Blancas, Renzo Jhonathan"]
[Black "Kezin, Roman"]
[WhiteFideId "3807185"]
[BlackFideId "24124621"]
[WhiteElo "2085"]
[BlackElo "2504"]
[Result "0-1"]
[Round "1"]
[TimeControl "180+2"]
[Date "2023.06.13"]
[WhiteClock "0:00:00"]
[BlackClock "0:00:39"]
[Board "35"]

1. e4 g6 2. d4 Bg7 3. c4 d6 4. Nc3 Nc6 5. Nf3 Bg4 6. d5 Nd4 7. Be2 Bxf3 8. Bxf3 c5 9. Be3 e5 10. dxe6 Nxe6 11. O-O Ne7 12. Rb1 Nc6 13. Nd5 O-O 14. Be2 Ned4 15. Kh1 Re8 16. Bd3 Qd7 17. Bg5 Re6 18. f4 f5 19. exf5 gxf5 20. Qh5 Rf8 21. Rbe1 Qe8 22. Qh4 h6 23. Be7 Rf7 24. Bxd6 Kh8 25. Be5 Nxe5 26. fxe5 Rxe5 27. Nf4 Rfe7 28. Rxe5 Rxe5 29. Qg3 Kh7 30. Nd5 Qg6 31. Qf2 Qg5 32. h3 b6 33. b4 Kh8 34. bxc5 bxc5 35. Nf4 Re8 36. Nd5 Rf8 37. Nf4 Re8 38. Nd5 Rb8 39. Bxf5 Rf8 40. Ne3 Be5 41. g4 Ne6 42. Qg1 Nf4 43. Nd5 Nxh3 44. Qg2 Qh4 45. Qh2 Bxh2 46. Nf4 Bxf4 0-1


[Site "https://www.chess.com"]

[Event "Titled Tuesday Blitz June 13 Early 2023"]
[White "Maksimovic, Bojan"]
[Black "Yelisieiev, Yevhenii"]
[WhiteFideId "14408120"]
[BlackFideId "14139642"]
[WhiteElo "2457"]
[BlackElo "2403"]
[Result "1-0"]
[Round "1"]
[TimeControl "180+2"]
[Date "2023.06.13"]
[WhiteClock "0:01:34"]
[BlackClock "0:00:01"]
[Board "36"]

1. e4 d6 2. d4 Nf6 3. Nc3 e5 4. Nf3 Nbd7 5. Bc4 Be7 6. O-O O-O 7. Re1 c6 8. a4 a5 9. h3 Nb6 10. Bf1 exd4 11. Nxd4 d5 12. e5 Ne8 13. Bf4 g6 14. b3 Ng7 15. Nce2 Bb4 16. c3 Be7 17. Qd2 Ne6 18. Nxe6 Bxe6 19. Nd4 Nd7 20. Bh6 Re8 21. f4 Nc5 22. Re3 Ne4 23. Qe1 Bf8 24. Bxf8 Rxf8 25. Rd1 Qb6 26. Kh2 Rae8 27. c4 Bd7 28. cxd5 cxd5 29. Bb5 Bxb5 30. Nxb5 Rd8 31. Red3 Nc5 32. Rxd5 Rxd5 33. Rxd5 Nxb3 34. Rd6 Qc5 35. e6 Qc4 36. e7 Re8 37. Rd8 Qxf4+ 38. Kh1 Kg7 39. Rxe8 Nd2 40. Rg8+ Kh6 41. e8=Q Nf1 42. Qf8+ Kh5 43. g4+ Kg5 44. Qc5+ f5 45. Qce7+ Kh6 46. Q1h4# 1-0


[Site "https://www.chess.com"]

[Event "Titled Tuesday Blitz June 13 Early 2023"]
[White "Mrithyunjay Mahadevan"]
[Black "Bharath Subramaniyam H"]
[WhiteFideId "45003521"]
[BlackFideId "46634827"]
[WhiteElo "1626"]
[BlackElo "2400"]
[Result "0-1"]
[Round "1"]
[TimeControl "180+2"]
[Date "2023.06.13"]
[WhiteClock "0:00:04"]
[BlackClock "0:01:06"]
[Board "37"]

1. e4 c6 2. Nf3 d5 3. Nc3 g6 4. d4 Bg7 5. Be3 Nh6 6. Qd2 Ng4 7. O-O-O Nxe3 8. fxe3 O-O 9. h4 h5 10. Bd3 dxe4 11. Nxe4 Nd7 12. Kb1 Nf6 13. c3 a5 14. Nxf6+ exf6 15. Rdg1 a4 16. Nh2 f5 17. Nf3 a3 18. b3 c5 19. Bc2 Be6 20. c4 b5 21. d5 Bd7 22. Bd3 Qf6 23. Kc2 bxc4 24. Bxc4 Rfe8 25. Rb1 f4 26. exf4 Bf5+ 27. Bd3 Re2 28. Qxe2 Qc3+ 29. Kd1 Bxd3 30. Qd2 Bxb1 31. Qxc3 Bxc3 32. Ke2 Bxa2 33. Kd3 Bg7 34. Nd2 Bb1+ 35. Rxb1 a2 36. d6 axb1=Q+ 37. Nxb1 Rd8 38. Kc4 Rxd6 39. Kxc5 Rd1 40. Na3 Bf8+ 41. Kc6 Bxa3 42. f5 gxf5 43. g4 fxg4 44. b4 Bxb4 45. Kb5 g3 46. Kxb4 g2 47. Kb5 g1=Q 48. Kc6 Qd4 49. Kb5 Qc3 50. Kb6 Rb1+ 51. Ka7 Qa3# 0-1


[Site "https://www.chess.com"]

[Event "Titled Tuesday Blitz June 13 Early 2023"]
[White "Babazada, Khazar"]
[Black "Hnydiuk, Aleksander"]
[WhiteFideId "13413554"]
[BlackFideId "1109057"]
[WhiteElo "2369"]
[BlackElo "2374"]
[Result "1-0"]
[Round "1"]
[TimeControl "180+2"]
[Date "2023.06.13"]
[WhiteClock "0:00:16"]
[BlackClock "0:00:00"]
[Board "38"]

1. Nf3 d5 2. g3 Nd7 3. d4 Nb6 4. Bg2 Bf5 5. O-O e6 6. Nc3 Be7 7. Nd2 Bg6 8. e4 dxe4 9. Ndxe4 c6 10. Qe2 Nf6 11. Nc5 Bxc5 12. dxc5 Nbd5 13. Nd1 O-O 14. a3 Qa5 15. c4 Ne7 16. b4 Qa4 17. Bf4 Nf5 18. Qb2 Rfd8 19. Nc3 Qa6 20. Bc7 Qxc4 21. Bxd8 Rxd8 22. Rad1 Nd4 23. Kh1 h5 24. Ne2 e5 25. h3 Rd7 26. Nxd4 exd4 27. Rfe1 d3 28. Re3 h4 29. g4 Be4 30. Qe5 Bxg2+ 31. Kxg2 Rd8 32. g5 Nd5 33. Rf3 g6 34. Rdxd3 Nf4+ 35. Qxf4 1-0


[Site "https://www.chess.com"]

[Event "Titled Tuesday Blitz June 13 Early 2023"]
[White "kuanysh1981"]
[Black "Elsa167"]
[WhiteElo "2496"]
[BlackElo "2901"]
[Result "0-1"]
[Round "1"]
[TimeControl "180+2"]
[Date "2023.06.13"]
[WhiteClock "0:00:41"]
[BlackClock "0:01:07"]
[Board "39"]

1. e4 c5 2. Nf3 e6 3. b3 b6 4. Bb2 Bb7 5. e5 Nc6 6. Be2 d5 7. exd6 Qxd6 8. O-O Nf6 9. d4 cxd4 10. Nxd4 O-O-O 11. Nb5 Qxd1 12. Bxd1 a6 13. N5a3 b5 14. c4 b4 15. Nc2 Bc5 16. a3 a5 17. axb4 axb4 18. Bf3 Rd3 19. Bxc6 Bxc6 20. Ra5 Ne4 21. Rxc5 Nxc5 22. Nxb4 Rxb3 23. Bxg7 Rg8 24. Nxc6 Rxg7 25. Nd2 Rd3 26. Nb1 f6 27. Rc1 Rgd7 0-1


[Site "https://www.chess.com"]

[Event "Titled Tuesday Blitz June 13 Early 2023"]
[White "Nguyen, Ngoc Truong Son"]
[Black "Turzo, Attila"]
[WhiteFideId "12401110"]
[BlackFideId "704954"]
[WhiteElo "2556"]
[BlackElo "2495"]
[Result "1-0"]
[Round "1"]
[TimeControl "180+2"]
[Date "2023.06.13"]
[WhiteClock "0:00:17"]
[BlackClock "0:00:08"]
[Board "40"]

1. d4 Nf6 2. Nf3 g6 3. Nc3 Bg7 4. e4 d6 5. Be3 c6 6. Qd2 b5 7. Bd3 O-O 8. h4 Ng4 9. h5 Nxe3 10. Qxe3 e5 11. dxe5 dxe5 12. O-O-O Nd7 13. Kb1 Qe7 14. Bxb5 cxb5 15. Nd5 Qd8 16. Ng5 Nb6 17. hxg6 hxg6 18. Nh7 Nxd5 19. Rxd5 Qb6 20. Qxb6 axb6 21. Nxf8 Bxf8 22. Rxe5 b4 23. Re8 Bb7 24. Rxa8 Bxa8 25. f3 Bc5 26. Rd1 Bc6 27. b3 g5 28. Kb2 Be7 29. e5 g4 30. Rd3 gxf3 31. gxf3 Kg7 32. c3 Kg6 33. cxb4 Bxb4 34. a3 Be7 35. Rc3 Bd5 36. Rc7 Bc5 37. Kc3 Bxa3 38. b4 Bc1 39. Kd4 Bxf3 40. Rxc1 b5 41. Rf1 Be2 42. Rf6+ Kg7 43. Kc5 Bc4 44. Rb6 Kf8 45. Rxb5 Bxb5 46. Kxb5 Ke7 47. Kc6 Ke6 48. b5 Kxe5 49. b6 f5 50. b7 f4 51. b8=Q+ Ke4 52. Qb5 Ke3 53. Qf1 f3 54. Kd5 f2 55. Ke5 Kf3 56. Kf5 Kg3 57. Ke4 Kh2 58. Qxf2+ Kh1 59. Qf4 Kg2 60. Ke3 Kh1 61. Qf5 Kg2 62. Qg6+ Kh1 63. Kf3 1-0


[Site "https://www.chess.com"]

[Event "Titled Tuesday Blitz June 13 Early 2023"]
[White "Ginzburg, Yakov"]
[Black "Terry, Renato"]
[WhiteFideId "4157176"]
[BlackFideId "3803457"]
[WhiteElo "2305"]
[BlackElo "2575"]
[Result "0-1"]
[Round "1"]
[TimeControl "180+2"]
[Date "2023.06.13"]
[WhiteClock "0:00:00"]
[BlackClock "0:00:26"]
[Board "41"]

1. e4 e6 2. d4 d5 3. e5 c5 4. Qg4 Nc6 5. Nf3 cxd4 6. Bd3 f5 7. Qg3 Nh6 8. Bxh6 gxh6 9. O-O Kf7 10. Nbd2 Rg8 11. Qh3 Kg7 12. Nb3 Kh8 13. Nbxd4 Bd7 14. c3 Rg4 15. Rfe1 Bg7 16. Rad1 Qe7 17. Bxf5 exf5 18. e6 Nxd4 19. Nxd4 Bc6 20. Nxf5 Qg5 21. Nd4 Bxd4 22. cxd4 Rg8 23. g3 Rh4 24. Qg2 Re4 25. Qf3 Qg4 26. Qf6+ Qg7 27. Qxg7+ Kxg7 28. Rxe4 dxe4 29. d5 Bb5 30. b3 Rd8 31. Rd4 Kf6 32. a4 Be8 33. Rxe4 Rxd5 34. Kf1 Re5 35. Rh4 h5 36. Rb4 Bc6 37. Rf4+ Kxe6 38. h4 Re4 39. Rf8 Rb4 40. Rh8 Rxb3 41. Rxh7 Bf3 42. Ke1 Rd3 43. Rh6+ Kf5 0-1


[Site "https://www.chess.com"]

[Event "Titled Tuesday Blitz June 13 Early 2023"]
[White "Ahmadzada, Ahmad"]
[Black "Yeritsyan, Hayk"]
[WhiteFideId "13413007"]
[BlackFideId "13307320"]
[WhiteElo "2388"]
[BlackElo "2492"]
[Result "1-0"]
[Round "1"]
[TimeControl "180+2"]
[Date "2023.06.13"]
[WhiteClock "0:00:05"]
[BlackClock "0:00:06"]
[Board "42"]

1. e4 e5 2. Nf3 Nc6 3. Bb5 a6 4. Bxc6 dxc6 5. d3 Bd6 6. Nbd2 c5 7. Nc4 Qe7 8. h3 Nf6 9. O-O Nd7 10. a4 Nf8 11. a5 f6 12. Nxd6+ Qxd6 13. Nd2 Be6 14. b3 O-O-O 15. Ba3 g5 16. Qf3 Nd7 17. Qe3 h5 18. Rfb1 Rhg8 19. b4 Qd4 20. bxc5 Qxe3 21. fxe3 h4 22. Rf1 g4 23. hxg4 Rxg4 24. Kh2 Rdg8 25. Rf2 Rg3 26. Nf1 R3g6 27. d4 Bc4 28. Nd2 Bf7 29. d5 h3 30. gxh3 Rg3 31. Re1 c6 32. Nc4 Kc7 33. Nd6 Bh5 34. Nf5 R3g5 35. c4 Rh8 36. Rg1 Bg4 37. Rg3 Nf8 38. Nd6 Bd7 39. Rxg5 fxg5 40. Bb2 Rxh3+ 41. Kg1 Rxe3 42. Bxe5 Re1+ 43. Kh2 Ng6 44. Bg3 Ra1 45. Rb2 Bc8 46. Nxb7+ Nf4 47. Nd6 Bd7 48. Rb7+ Kd8 49. Nf7+ Ke7 50. Ne5 Ra2+ 51. Kh1 Ra1+ 52. Kh2 Ra2+ 53. Kg1 Ra1+ 54. Kf2 Ra2+ 55. Ke1 Ra1+ 56. Kd2 Ra2+ 57. Kc3 Ra3+ 58. Kb2 Rxg3 59. Rxd7+ Kf6 60. Nxc6 Nd3+ 61. Kc2 Nxc5 62. e5+ Kf5 63. Rf7+ Ke4 64. e6 Rg2+ 65. Kb1 Na4 66. Kc1 Nc3 67. e7 Kd3 68. Rf3+ Kxc4 69. e8=Q Na2+ 70. Kd1 Nc3+ 71. Rxc3+ Kxc3 72. Qe3+ Kc4 73. Qe4+ Kc5 74. Qxg2 g4 75. Qxg4 1-0


[Site "https://www.chess.com"]

[Event "Titled Tuesday Blitz June 13 Early 2023"]
[White "Hristodoulou, Panagiotis"]
[Black "Galchenko, Matvey"]
[WhiteFideId "4214340"]
[BlackFideId "24175480"]
[WhiteElo "2272"]
[BlackElo "2423"]
[Result "0-1"]
[Round "1"]
[TimeControl "180+2"]
[Date "2023.06.13"]
[WhiteClock "0:00:01"]
[BlackClock "0:00:05"]
[Board "43"]

1. e4 e6 2. d4 d5 3. Nc3 Bb4 4. Ne2 Nc6 5. a3 Ba5 6. e5 f6 7. Nf4 fxe5 8. Qh5+ Kf8 9. dxe5 Qe8 10. Qxe8+ Kxe8 11. Bb5 Ne7 12. Bd2 a6 13. Bxc6+ Nxc6 14. Nd3 Bd7 15. O-O-O Bb6 16. f4 Ne7 17. Rhf1 c5 18. b4 cxb4 19. axb4 Rc8 20. Kb2 Rf8 21. Ra1 Bd4 22. Kb3 Nf5 23. Rae1 h5 24. g3 Ke7 25. Rc1 b6 26. Rf3 a5 27. bxa5 bxa5 28. Nd1 Bb6 29. c3 Bb5 30. N3b2 Rb8 31. Ka2 Be2 32. Rd3 Rfc8 33. Ka1 a4 34. Ka2 Bc5 35. Re3 Nxe3 36. Nxe3 a3 37. Nbd1 Rb7 38. Nc2 Rcb8 39. Nb4 Bc4+ 40. Kxa3 Ra8+ 41. Kb2 Kd7 42. Ra1 Rxa1 43. Kxa1 d4 44. Nc2 Bb3 45. Kb2 Ba4+ 46. Nb4 dxc3+ 47. Bxc3 Bxb4 48. Bxb4 Rxb4+ 49. Ka3 Rd4 50. Nc3 Bc6 0-1


[Site "https://www.chess.com"]

[Event "Titled Tuesday Blitz June 13 Early 2023"]
[White "Arutinian, David"]
[Black "Taboas Rodriguez, Daniel"]
[WhiteFideId "13601741"]
[BlackFideId "2208466"]
[WhiteElo "2525"]
[BlackElo "2365"]
[Result "1-0"]
[Round "1"]
[TimeControl "180+2"]
[Date "2023.06.13"]
[WhiteClock "0:02:04"]
[BlackClock "0:00:04"]
[Board "44"]

1. Nf3 Nf6 2. c4 b6 3. Nc3 Bb7 4. e3 g6 5. b3 Bg7 6. Bb2 O-O 7. Qc2 c5 8. Be2 Nc6 9. O-O d5 10. cxd5 Nxd5 11. Nxd5 Qxd5 12. Bxg7 Kxg7 13. Rfd1 Rfd8 14. a3 Rac8 15. Qb2+ Kg8 16. b4 c4 17. Rac1 b5 18. d3 cxd3 19. Rxd3 Qe4 20. Rxd8+ Rxd8 21. Bxb5 f6 22. Bf1 Kg7 23. h3 h5 24. b5 Na5 25. Nd4 Rd7 26. Qb4 e5 27. Ne6+ Kf7 28. Nc5 Qxb4 29. axb4 1-0


[Site "https://www.chess.com"]

[Event "Titled Tuesday Blitz June 13 Early 2023"]
[White "Kokoszczynski, Jan"]
[Black "Gorovets, Andrey"]
[WhiteFideId "1174460"]
[BlackFideId "13504037"]
[WhiteElo "2139"]
[BlackElo "2459"]
[Result "0-1"]
[Round "1"]
[TimeControl "180+2"]
[Date "2023.06.13"]
[WhiteClock "0:00:13"]
[BlackClock "0:00:26"]
[Board "45"]

1. d4 Nf6 2. c4 e6 3. Nc3 Bb4 4. Nf3 b6 5. e3 Ne4 6. Bd2 Bxc3 7. Bxc3 Nxc3 8. bxc3 Nc6 9. Bd3 Ba6 10. O-O Na5 11. Qe2 d6 12. Nd2 c5 13. d5 e5 14. f4 Qe7 15. f5 f6 16. Ne4 O-O-O 17. Kh1 Kc7 18. Rf3 Qd7 19. a4 Nb3 20. Ra3 Nc1 21. Qd2 Nxd3 22. Qxd3 Rhf8 23. Ra1 Rb8 24. h3 Qe8 25. Kh2 Bc8 26. a5 b5 27. Rff1 Ba6 28. Qc2 bxc4 29. Rfb1 Qd7 30. Nd2 Rxb1 31. Rxb1 Rb8 32. Rxb8 Kxb8 33. g4 Qb5 34. Qa2 Kc7 35. Kg3 e4 36. Kf4 Qe8 37. Nxe4 Qe5+ 38. Kf3 Qxd5 39. Qb1 Bb7 40. Kf4 Qe5+ 41. Kf3 Bc6 42. Qc2 Kb7 43. Qb1+ Ka6 44. h4 g6 45. fxg6 hxg6 46. Qb8 Qxe4+ 47. Kf2 Qf3+ 48. Kg1 Qg2# 0-1


[Site "https://www.chess.com"]

[Event "Titled Tuesday Blitz June 13 Early 2023"]
[White "Harsha Bharathakoti"]
[Black "cristianserban1"]
[WhiteFideId "5078776"]
[WhiteElo "2504"]
[BlackElo "2490"]
[Result "1-0"]
[Round "1"]
[TimeControl "180+2"]
[Date "2023.06.13"]
[WhiteClock "0:01:20"]
[BlackClock "0:00:37"]
[Board "46"]

1. Nf3 d5 2. g3 Nf6 3. Bg2 c6 4. O-O Bf5 5. c4 e6 6. Qb3 Qb6 7. d3 Nbd7 8. Be3 Bc5 9. Bxc5 Nxc5 10. Qc2 h6 11. Nbd2 a5 12. Rfc1 Ncd7 13. Rab1 O-O 14. Qc3 Qb4 15. a3 Qxc3 16. bxc3 b6 17. Nd4 Rfc8 18. Nxf5 exf5 19. cxd5 Nxd5 20. Nc4 Rcb8 21. Bxd5 cxd5 22. Ne3 f4 23. gxf4 Nf6 24. Rb5 Rc8 25. Nxd5 Nxd5 26. Rxd5 Rc6 27. c4 1-0


[Site "https://www.chess.com"]

[Event "Titled Tuesday Blitz June 13 Early 2023"]
[White "Petukhov, Dmitry"]
[Black "Vignesh N R"]
[WhiteFideId "4142748"]
[BlackFideId "25012215"]
[WhiteElo "2311"]
[BlackElo "2415"]
[Result "1/2-1/2"]
[Round "1"]
[TimeControl "180+2"]
[Date "2023.06.13"]
[WhiteClock "0:00:23"]
[BlackClock "0:00:19"]
[Board "47"]

1. e4 c5 2. c3 Nf6 3. e5 Nd5 4. d4 cxd4 5. Nf3 d6 6. Qxd4 e6 7. Bb5+ Bd7 8. Na3 Nc6 9. Bxc6 Bxc6 10. Nc4 dxe5 11. Ncxe5 Ne7 12. Qf4 f6 13. Nxc6 Nxc6 14. O-O Bd6 15. Qc4 Qd7 16. Re1 e5 17. Be3 Qf7 18. Qb5 O-O 19. Rad1 Rfd8 20. h3 Bf8 21. Nd2 Rd7 22. Ne4 Rad8 23. Rxd7 Rxd7 24. Bc5 Rd5 25. b4 h6 26. Qa4 Bxc5 27. Nxc5 Rd2 28. b5 Nd8 29. Qxa7 Rxa2 30. Qb8 Rd2 31. b6 Kh7 32. Qc7 Qd5 33. c4 Qd4 34. Ne4 Rd1 35. Rxd1 Qxd1+ 36. Kh2 Kg6 37. Nd6 Qd4 38. Qxd8 Qf4+ 39. Kg1 Qc1+ 40. Kh2 Qf4+ 41. Kg1 Qc1+ 42. Kh2 Qf4+ 1/2-1/2


[Site "https://www.chess.com"]

[Event "Titled Tuesday Blitz June 13 Early 2023"]
[White "qx4z"]
[Black "Santos Flores, Alberto"]
[BlackFideId "3601234"]
[WhiteElo "2856"]
[BlackElo "2235"]
[Result "0-1"]
[Round "1"]
[TimeControl "180+2"]
[Date "2023.06.13"]
[WhiteClock "0:00:11"]
[BlackClock "0:00:22"]
[Board "48"]

1. d4 d5 2. Bf4 Nf6 3. e3 c5 4. Nf3 Nc6 5. Nbd2 cxd4 6. exd4 Bf5 7. Bb5 Rc8 8. Ne5 Bd7 9. Nxd7 Qxd7 10. c3 a6 11. Bd3 e6 12. Nf3 Bd6 13. Ne5 Qc7 14. Qe2 Nd7 15. Nxd7 Bxf4 16. Nc5 Bd6 17. Nb3 O-O 18. g3 a5 19. a4 e5 20. dxe5 Nxe5 21. O-O Rfe8 22. Rae1 Nxd3 23. Qxd3 Qc4 24. Qxc4 dxc4 25. Nd4 Bc5 26. Nb5 Kf8 27. Kg2 Rcd8 28. Rxe8+ Kxe8 29. Re1+ Kf8 30. Re5 b6 31. Re2 Rd1 32. h4 g6 33. Kf3 Ra1 34. Nc7 Rxa4 35. Nd5 Ra2 36. h5 Kg7 37. g4 gxh5 38. gxh5 a4 39. Re4 Rxb2 40. Rxc4 a3 41. Rg4+ Kf8 42. Ra4 h6 43. Nf6 Rxf2+ 0-1


[Site "https://www.chess.com"]